 Dungeon Crawl Stone Soup version 0.31.0-11-ge490571c62 (webtiles) character file.

Game seed: 18385716748577360219

2759 monsoonserge the Slicer (level 9, 0/61 HPs)
             Began as a Spriggan Artificer on Feb 4, 2024.
             Was a High Priest of Uskayaw.
             Killed by divine providence
             ... invoked by an orc priest
              (16 damage)
             ... on level 8 of the Dungeon.
             The game lasted 00:22:10 (5908 turns).

monsoonserge the Slicer (Spriggan Artificer)        Turns: 5908, Time: 00:22:10

Health: 0/61       AC: 24    Str:  8    XL:     9   Next: 41%
Magic:  3/13       EV:  4    Int: 16    God:    Uskayaw [*****.]
Gold:   339        SH:  7    Dex: 19    Spells: 10/12 levels left

rFire   . . .        D - +1 short sword (vamp)
rCold   . . .        v - +2 buckler
rNeg    . . .        b - melded +0 robe
rPois   +            (helmet currently unavailable)
rElec   .            (cloak currently unavailable)
rCorr   .            (gloves unavailable)
SInv    +            (boots unavailable)
Will    ++...        p - amulet "Peprul" {Acrobat Regen+ Int+3}
Stlth   +++          (no ring)
HPRegen 1.10/turn    (no ring)
MPRegen 0.13/turn

%: acrobat
@: tree-form, enlightened
A: stationary, stasis, torment immunity, boosted hp, very small, no large
weapons, unfitting armour, see invisible, (speed 3)
a: Renounce Religion, Stomp, Line Pass, Grand Finale


You were on level 8 of the Dungeon.
You worshipped Uskayaw.
Uskayaw was noncommittal.
You were a tree.
You visited 2 branches of the dungeon, and saw 9 of its levels.

You collected 339 gold pieces.

Inventory:

Hand Weapons
 D - a +1 vampiric short sword (weapon)
Missiles
 s - 3 poisoned darts (quivered)
Armour
 b - a +0 robe (melded)
 v - a +2 buckler (worn)
Magical Staves
 r - a staff of air
Jewellery
 p - the amulet "Peprul" (around neck) {Acrobat Regen+ Int+3}
   (You found it on level 3 of the Dungeon)

   [amulet of the acrobat]

   Acrobat:   It increases your evasion while moving and waiting.
   Int+3:     It affects your intelligence (+3).
   Regen+:    It increases your rate of health regeneration.
Talismans
 A - a beast talisman
Wands
 d - a wand of charming (12)
 e - a wand of iceblast (2)
 n - a wand of quicksilver (10)
Scrolls
 a - a scroll of revelation {unknown}
 g - 2 scrolls of noise {unknown}
 h - 3 scrolls of identify {unknown}
 j - 2 scrolls of summoning {unknown}
 k - 2 scrolls of teleportation {unknown}
 l - a scroll of fear {unknown}
 m - 2 scrolls of amnesia {unknown}
 u - a scroll of blinking {unknown}
 w - a scroll of silence {unknown}
Potions
 i - 2 potions of mutation {unknown}
 o - a potion of curing
 q - 2 potions of enlightenment
 t - 2 potions of lignification
 x - a potion of brilliance {unknown}
 z - 2 potions of degeneration {unknown}
 B - a potion of might {unknown}
 C - a potion of haste {unknown}


   Skills:
 - Level 1.0 Fighting
 * Level 9.6 Short Blades
 + Level 1.1 Throwing
 - Level 4.0 Dodging
 + Level 6.0 Stealth
 * Level 3.5 Shields
 - Level 2.0 Spellcasting
 - Level 4.0 Hexes
 * Level 3.7 Invocations
 - Level 6.0 Evocations


You had 10 spell levels left.
You knew the following spells:

 Your Spells              Type           Power      Damage    Failure   Level
a - Jinxbite              Hex            28%        N/A       9%          2

Your spell library contained the following spells:

 Spells                   Type           Power      Damage    Failure   Level
 Apportation              Tloc           2%         N/A       30%         1
 Necrotise                Necr           4%         1d4       30%         1
 Sting                    Conj/Alch      4%         1d3       30%         1
 Summon Small Mammal      Summ           4%         N/A       30%         1
 Yara's Violent Unravell  Hex/Alch       4%         3d4       98%         5
 Enfeeble                 Hex            7%         N/A       100%        7


Dungeon Overview and Level Annotations

Branches:
Dungeon (8/15)             Temple (1/1) D:5
   Lair: D:8-11

Altars:
Ashenzari
Cheibriados
Dithmenos
Elyvilon
Fedhas
Gozag
Hepliaklqana
Kikubaaqudgha
Makhleb
Nemelex Xobeh
Okawaru
Qazlal
Ru
Sif Muna
Trog
Uskayaw
Vehumet
Wu Jian
Xom
Yredelemnul
Zin
The Shining One


Innate Abilities, Weirdness & Mutations

You are a tree.
Your roots penetrate the ground, keeping you stationary.
You cannot be teleported.
You are immune to unholy pain and torment.
Your maximum health is greatly increased.
Your equipment is partially melded.
You are very small and have problems with some larger weapons.
You are too small for most types of armour.
You have supernaturally acute eyesight. (SInv)
((You cover ground extremely quickly. (Speed+++)))


Message History

The bolt of dispelling energy misses the manticore.
The manticore bites you.
* * * LOW HITPOINT WARNING * * *
The manticore claws you but does no damage.
The manticore completely misses you. You block the orc priest's attack.
Press: ? - help, v - describe, . - travel
Here: a manticore The floor.
Aiming: Quicksilver Bolt
Press: ? - help, Shift-Dir - straight line, f/p - manticore
Aim: a manticore (84% to hit)
The bolt of dispelling energy hits the manticore!!
The manticore is moderately wounded.
The manticore bites you but does no damage.
You block the manticore's attack. The manticore barely misses you.
The orc priest completely misses you.
Aiming: Quicksilver Bolt
Press: ? - help, Shift-Dir - straight line, f/p - manticore
Aim: a manticore (moderately wounded, 84% to hit)
The bolt of dispelling energy hits the manticore!!
The manticore is almost dead.
The manticore bites you but does no damage.
The manticore claws you.
* * * LOW HITPOINT WARNING * * *
The manticore claws you but does no damage.
The orc priest hits you but does no damage.
You can now merge with and destroy a victim.
Aiming: Quicksilver Bolt
Press: ? - help, Shift-Dir - straight line, f/p - manticore
Aim: a manticore (almost dead, 84% to hit)
The bolt of dispelling energy hits the manticore!!
You kill the manticore!
The orc priest casts a cantrip, but nothing happens.
Your Throwing skill increases to level 1!
Your Stealth skill increases to level 6!
You closely miss the orc priest. You barely miss the orc priest.
The orc priest calls down the wrath of Beogh upon you.
Beogh smites you!
You die...

..#.....#.......oo.....#...#.....
..#.....#.........o....##'##.....
..#..>..###########'#........####
..#.....#......#..†.#........#
.>#.....#......#....#........#
..#.....#......#....#y.......#
..##+##.####..##.##.#........#
#.....#.####..##)##.##'#######
+.....#........o♣#.......#
#.!...#.........)#).<....#
#.....#..........'.......#
#.....#..........#†......#
#.....#..........#...>...#
#.....#..........#.......#
#.....####################
#######


You could see an orc priest.

Vanquished Creatures
  A manticore (D:8)
  A steam dragon (D:8)
  An acid dragon (D:8)
  An orc warrior (D:8)
  2 ogres
  A centaur (D:8)
  A phantom (D:5)
  5 bullfrogs
  3 scorpions
  7 killer bees (D:8)
  3 jellies
  3 orc priests
  A gnoll bouda (D:6)
  4 hounds
  An iguana (Temple)
  Terence (D:2)
  2 sleepcaps (D:6)
  6 orc wizards
  6 adders
  A white imp (D:6)
  3 ufetubi (D:6)
  A ribbon worm (D:2)
  2 dart slugs
  11 orcs
  2 bats
  4 endoplasms
  A giant cockroach (D:1)
  2 goblins
  4 hobgoblins
  3 kobolds
  A quokka (D:4)
  A frilled lizard (D:1)
  5 rats
91 creatures vanquished.

Vanquished Creatures (collateral kills)
  A yak (D:8)
  A centaur (D:8)
  2 orc wizards
  An orc (D:8)
5 creatures vanquished.

Vanquished Creatures (others)
  An orc warrior (D:8)
  An ufetubus (D:6)
2 creatures vanquished.

Grand Total: 98 creatures vanquished

Notes
Turn   | Place    | Note
-------+----------+-------------------------------------------
     0 | D:1      | monsoonserge the Spriggan Artificer began the quest for the
                  | Orb.
     0 | D:1      | Reached XP level 1. HP: 9/9 MP: 2/2
   224 | D:1      | Reached XP level 2. HP: 14/14 MP: 3/3
   609 | D:2      | Noticed Terence
   619 | D:2      | Killed Terence
   620 | D:2      | Reached skill level 1 in Short Blades
   620 | D:2      | Reached skill level 5 in Evocations
   620 | D:2      | Reached XP level 3. HP: 16/17 MP: 4/4
  1578 | D:3      | Learned a level 2 spell: Jinxbite
  1682 | D:3      | Found a shadowy altar of Dithmenos.
  1769 | D:3      | Identified the amulet "Peprul" {Acrobat Regen+ Int+3}
  1954 | D:3      | Reached XP level 4. HP: 15/21 MP: 5/5
  2218 | D:4      | Noticed an ogre
  2229 | D:4      | Killed an ogre
  2230 | D:4      | Reached skill level 1 in Fighting
  2230 | D:4      | Reached skill level 3 in Short Blades
  2230 | D:4      | Reached skill level 1 in Spellcasting
  2230 | D:4      | Reached skill level 1 in Hexes
  2230 | D:4      | Reached XP level 5. HP: 25/25 MP: 5/7
  2897 | D:4      | Reached XP level 6. HP: 25/30 MP: 9/9
  2935 | D:4      | Reached skill level 4 in Short Blades
  3101 | D:5      | Entered Level 5 of the Dungeon
  3231 | D:5      | Found a staircase to the Ecumenical Temple.
  3249 | Temple   | Entered the Ecumenical Temple
  3280 | Temple   | Became a worshipper of Ru the Awakened
  3406 | D:5      | Reached skill level 5 in Short Blades
  3959 | D:5      | Found an iron altar of Okawaru.
  3963 | D:5      | Found a hide-covered altar of Uskayaw.
  3982 | D:5      | Found a stormy altar of Qazlal.
  3983 | D:5      | Found a white marble altar of Elyvilon.
  3985 | D:5      | Found a hazy altar of Hepliaklqana.
  3996 | D:5      | Fell from the grace of Ru
  3996 | D:5      | Became a worshipper of Uskayaw the Reveller
  4234 | D:6      | Reached * piety under Uskayaw
  4268 | D:5      | Reached XP level 7. HP: 33/33 MP: 3/11
  4373 | D:5      | Reached ** piety under Uskayaw
  4501 | D:6      | Reached skill level 6 in Short Blades
  4577 | D:6      | Reached skill level 1 in Invocations
  4751 | D:6      | Reached skill level 1 in Shields
  4914 | D:6      | Found an ancient bone altar of Kikubaaqudgha.
  4928 | D:6      | Reached skill level 7 in Short Blades
  5304 | D:7      | Reached XP level 8. HP: 37/37 MP: 12/12
  5406 | D:7      | Found an ornate altar of the Wu Jian Council.
  5760 | D:8      | Reached skill level 8 in Short Blades
  5785 | D:8      | Reached *** piety under Uskayaw
  5792 | D:8      | Reached **** piety under Uskayaw
  5799 | D:8      | Reached ***** piety under Uskayaw
  5820 | D:8      | Reached XP level 9. HP: 11/41 MP: 5/13
  5822 | D:8      | Reached skill level 9 in Short Blades
  5879 | D:8      | Reached skill level 5 in Stealth
  5892 | D:8      | Noticed a manticore
  5906 | D:8      | Killed a manticore
  5907 | D:8      | Reached skill level 1 in Throwing
  5908 | D:8      | Killed from afar by an orc priest

Illustrated notes

Levels and vault maps discovered:
D:1:      mrwooster_arrival_statue, layout_basic
D:2:      layout_basic, roderic_filled_cross, uniq_terence
D:3:      layout_basic, nicolae_dithmenos_the_darkroom
D:4:      layout_loops_ring
D:5:      layout_loops_corners, minitemple,
          minmay_temple_entry_statues_fountains, kennysheep_potato
D:6:      layout_cave_pools, lemuel_tele_altar, chequers_big_river
D:7:      layout_loops_ring, nzn_wu_jian_contemplation, serial_shops,
          nicolae_shop_tiny_glass
D:8:      minmay_s_stair_smasher, layout_gridville, dpeg_oklobed_lair,
          enter_bailey_2
Temple:   dpeg_chambers_temple

Skill      XL: |  1  2  3  4  5  6  7  8  9 |
---------------+----------------------------+-----
Short Blades   | 1 3 5 7 8 9 |  9.6
Stealth        | 2 4 6 |  6.0
Evocations     | 5 6 |  6.0
Dodging        | 4 |  4.0
Fighting       | 1 |  1.0
Spellcasting   | 1 2 |  2.0
Hexes          | 1 2 3 4 |  4.0
Invocations    | 1 3 |  3.7
Shields        | 1 3 |  3.5
Throwing       | 1 |  1.1

Action                     |  1- 3 |  4- 6 |  7- 9 || total
---------------------------+-------+-------+-------++-------
  Melee: Short sword       |   118 |   293 |   123 ||   534
         Club              |     3 |       |       ||     3
         Punch             |     1 |     5 |       ||     6
         Rapier            |       |       |    86 ||    86
  Throw: Dart              |       |       |     6 ||     6
   Cast: Jinxbite          |       |     1 |     1 ||     2
 Invoke: Stomp             |       |     2 |    18 ||    20
         Line Pass         |       |       |     5 ||     5
  Evoke: Wand              |     3 |    12 |    12 ||    27
    Use: Potion            |       |       |     4 ||     4
   Stab: Sleeping          |     3 |     4 |     3 ||    10
         Distracted        |       |     2 |     1 ||     3
         Confused          |       |       |     3 ||     3
         Paralysed         |       |       |     3 ||     3
 Armour: Robe              |    32 |    74 |    64 ||   170
         Skin              |       |       |    12 ||    12
  Dodge: Dodged            |    88 |   175 |   167 ||   430
  Block: Buckler           |       |    12 |    73 ||    85
